 Dungeon Crawl Stone Soup version 0.28.0 (webtiles) character file.

Game seed: 14898996735073123953

448 arthad the Shield-Bearer (level 7, -3/52 (55) HPs)
             Began as a Formicid Fighter on Feb 14, 2022.
             Was an Initiate of Okawaru.
             Slain by Crazy Yiuf (10 damage)
             ... on level 4 of the Dungeon.
             The game lasted 00:08:48 (4001 turns).

arthad the Shield-Bearer (Formicid Fighter)         Turns: 4001, Time: 00:08:51

HP:   -3/52 (55)    AC:  7    Str: 22    XL:     7   Next: 24%
MP:   7/7           EV:  9    Int:  8    God:    Okawaru [......]
Gold: 143           SH:  0    Dex: 10    Spells: 6/6 levels left

rFire   . . .      SeeInvis +   a - +0 war axe
rCold   . . .      Faith    .   c - +0 buckler
rNeg    . . .      Spirit   .   b - +0 scale mail
rPois   .          Reflect  +   (helmet unavailable)
rElec   .          Harm     .   (no cloak)
rCorr   .          Rampage  .   (no gloves)
Will    .....                   (no boots)
Stlth   ..........              l - amulet of reflection
HPRegen 0.17/turn               (no ring)
MPRegen 0.10/turn               (no ring)

@: confused, lethally poisoned (-3 -> -5), ambrosia-drunk, drained, invisible
A: permanent stasis, dig shafts and tunnels, antennae 3, four strong arms
a: Dig, Shaft Self, Renounce Religion


You were on level 4 of the Dungeon.
You worshipped Okawaru.
Okawaru was noncommittal.
You visited 2 branches of the dungeon, and saw 5 of its levels.

You collected 167 gold pieces.
You spent 24 gold pieces at shops.

Inventory:

Hand Weapons
 a - a +0 war axe (weapon)
 v - a +2 whip of electrocution
Missiles
 u - 19 bolts
Armour
 b - a +0 scale mail (worn)
 c - a +0 buckler (worn)
 q - a +0 leather armour of fire resistance
Jewellery
 l - an amulet of reflection (around neck)
Wands
 o - a wand of flame (12)
 s - a wand of iceblast (14)
Scrolls
 f - 6 scrolls of identify
 i - a scroll of silence {unknown}
 k - a scroll of brand weapon {unknown}
 r - a scroll of vulnerability {unknown}
 t - a scroll of teleportation {unknown}
 w - a scroll of noise {unknown}
 y - a scroll of holy word {unknown}
Potions
 d - 2 potions of might
 g - 3 potions of attraction
 h - a potion of invisibility
 j - a potion of degeneration {unknown}
 m - a potion of ambrosia
 n - a potion of lignification {unknown}
 p - a potion of brilliance {unknown}
 x - a potion of curing {unknown}


   Skills:
 + Level 4.4 Fighting
 * Level 4.5 Axes
 + Level 4.4 Armour
 + Level 3.4 Stealth
 + Level 5.0 Shields


You had 6 spell levels left.
You didn't know any spells.
Your spell library contained the following spells:

 Spells                   Type           Power      Damage    Failure   Level
 Corpse Rot               Necr/Air       0%         N/A       90%         2
 Dispel Undead            Necr           0%         3d6       100%        4
 Death Channel            Necr           Unusable   N/A       N/A         6

Dungeon Overview and Level Annotations

Branches:
Dungeon (4/15)             Temple (1/1) D:4

Altars:
Ashenzari
Cheibriados
Dithmenos
Elyvilon
Fedhas
Gozag
Hepliaklqana
Kikubaaqudgha
Makhleb
Nemelex Xobeh
Okawaru
Qazlal
Sif Muna
Trog
Vehumet
Wu Jian
Yredelemnul

Shops:
D:1 *

Annotations:
D:4 Crazy Yiuf


Innate Abilities, Weirdness & Mutations

You cannot be hasted, slowed, berserked, paralysed or teleported.
You can dig through walls and to a lower floor.
You have a pair of large antennae on your head. (SInv)
Your four strong arms can wield two-handed weapons with a shield.


Message History

You barely miss Crazy Yiuf.
Crazy Yiuf is heavily wounded.
Crazy Yiuf hits you with a +4 quarterstaff of chaos!
You feel drained.
You barely miss Crazy Yiuf.
Crazy Yiuf is moderately wounded.
Crazy Yiuf cries, "Two!
Candle canine high."
Crazy Yiuf hits you with a +4 quarterstaff of chaos!
You feel drained. Crazy Yiuf barely misses you.
You are too injured to fight recklessly!
Aiming: Throw Flame
Press: ? - help, Shift-Dir - straight line, f - Crazy Yiuf
Aim: Crazy Yiuf, wielding a +4 quarterstaff of chaos and wearing a +0 cloak (moderately wounded, 72% to hit)
The puff of flame hits Crazy Yiuf.
Crazy Yiuf is heavily wounded.
Crazy Yiuf whimpers, "Citrus!"
Crazy Yiuf hits you with a +4 quarterstaff of chaos.
You are poisoned.
Unknown command.
It was a potion of attraction.
You feel attractive to monsters.
You feel sick. You block Crazy Yiuf's attack.
It was a potion of cancellation.
Your magical effects are unravelling.
You feel magically purged.
You feel sick. You block Crazy Yiuf's attack.
You feel less attractive to monsters.
It was a potion of invisibility.
You fade into invisibility!
You feel sick.
Crazy Yiuf says, "Crazy?
Crazy!?
PORCUPINE!"
Crazy Yiuf hits you with a +4 quarterstaff of chaos.
* * * LOW HITPOINT WARNING * * *
It was a potion of ambrosia.
You are confused.
You feel invigorated.
You feel sick.
Crazy Yiuf laughs, "Hack leg action!"
Crazy Yiuf hits you with a +4 quarterstaff of chaos.
* * * LOW HITPOINT WARNING * * *
You are electrocuted!
You die...

...#.###...####....####
#...##### ...#....)..#
#....# #......##
...###...#.# ♣....♣
######÷#..#.
##.####..#.# ♣♣...♣
#...##....#.
#...##....# ♣♣.♣♣
###.........
###.####.## ♣♣.♣
##......... #......#
♣.♣♣ #..........
#..##### ♣♣.♣
#.......... #..# ♣@♣♣
#.)........ #### #g#
#.......... ...
#.......... #...#
#.......... #)..#
##.[....... #####
##.....##. #########


You could see Crazy Yiuf.

Vanquished Creatures
  An ogre (D:4)
  A centaur (D:3)
  A wyvern skeleton (D:4)
  An orc priest (D:4)
  A hound (D:4)
  An iguana (D:3)
  3 adders
  A shadow imp (D:4)
  A worm (D:2)
  7 dart slugs
  5 orcs (D:4)
  2 ball pythons
  10 endoplasms
  A giant cockroach (D:2)
  12 goblins
  6 hobgoblins
  5 jackals
  6 quokkas
  3 bats
  7 frilled lizards
  7 kobolds
  4 rats
86 creatures vanquished.

Notes
Turn   | Place    | Note
-------+----------+-------------------------------------------
     0 | D:1      | arthad the Formicid Fighter began the quest for the Orb.
     0 | D:1      | Reached XP level 1. HP: 18/18 MP: 1/1
    37 | D:1      | Reached XP level 2. HP: 24/24 MP: 2/2
   244 | D:1      | Found a faded altar of an unknown god.
   283 | D:1      | Reached skill level 1 in Stealth
   311 | D:1      | Found Xecittod's General Store.
   317 | D:1      | Reached XP level 3. HP: 29/29 MP: 3/3
   383 | D:1      | Bought a scroll of identify for 24 gold pieces
   576 | D:1      | Reached skill level 4 in Shields
  1401 | D:2      | Reached XP level 4. HP: 35/36 MP: 4/4
  2046 | D:3      | Found a shadowy altar of Dithmenos.
  2220 | D:3      | Noticed a centaur
  2231 | D:3      | Killed a centaur
  2232 | D:3      | Reached XP level 5. HP: 15/42 MP: 5/5
  2526 | D:3      | Reached XP level 6. HP: 44/48 MP: 6/6
  2568 | D:3      | Found a stormy altar of Qazlal.
  2745 | D:4      | Found a staircase to the Ecumenical Temple.
  2764 | Temple   | Entered the Ecumenical Temple
  2879 | Temple   | Became a worshipper of Warmaster Okawaru
  3348 | D:4      | Noticed an ogre
  3357 | D:4      | Killed an ogre
  3358 | D:4      | Reached XP level 7. HP: 36/55 MP: 7/7
  3496 | D:4      | Found a runed translucent door.
  3497 | D:4      | Noticed Crazy Yiuf
  3548 | D:4      | Reached skill level 5 in Shields
  4001 | D:4      | Slain by Crazy Yiuf

Illustrated notes

Levels and vault maps discovered:
D:1:      minmay_arrival_checkered_box, layout_loops_ring, serial_shops, shop,
          dreamdust_ecumenical_altar_grove, minmay_heptomino_w4
D:2:      layout_basic, wander_ebering_terrifying_dragon_lair
D:3:      layout_rooms, mainiacjoe_overflow_alcove_2,
          nicolae_dithmenos_the_darkroom
D:4:      layout_rooms, minmay_temple_entry_butterflies, serial_glass,
          glass_columns_b, glass_columns_c, uniq_crazy_yiuf_cottage
Temple:   regret_index_temple_waves

Skill      XL: |  1  2  3  4  5  6  7 |
---------------+----------------------+-----
Stealth        | 1 2 3 |  3.4
Shields        | 4 5 |  5.0
Axes           | 3 4 |  4.5
Fighting       | 4 |  4.4
Armour         | 4 |  4.4

Action                   |  1- 3 |  4- 6 |  7- 9 || total
-------------------------+-------+-------+-------++-------
Melee: War axe           |    88 |   115 |    34 ||   237
Evoke: Wand              |       |     4 |     1 ||     5
  Use: Potion            |       |       |     4 ||     4
Armor: Scale mail        |    43 |    40 |    11 ||    94
Dodge: Dodged            |    32 |    43 |    11 ||    86
Block: Buckler           |    25 |    62 |    20 ||   107
       Reflection        |       |     4 |       ||     4
